 Dungeon Crawl Stone Soup version 0.19.0-19-g8c6edcc (webtiles) character file.

7777 Haldmier the Carver (level 11, -5/79 HPs)
             Began as a Formicid Conjurer on Nov 12, 2016.
             Was the Champion of Zin.
             Slain by an eight-headed hydra (7 damage)
             ... on level 11 of the Dungeon.
             The game lasted 01:18:50 (14138 turns).

Haldmier the Carver (Formicid Conjurer)            Turns: 14138, Time: 01:18:52

Health: -5/79      AC:  6    Str: 16    XL:     11   Next: 43%
Magic:  15/15      EV: 11    Int: 15    God:    Zin [******]
Gold:   465        SH: 17    Dex: 17    Spells: 4 memorised, 4 levels left

rFire  . . .     SeeInvis +     V - +2 falchion (flame)
rCold  + . .     Gourm    .     b - +0 troll leather armour
rNeg   . . .     Faith    +     U - +2 large shield {rC+}
rPois  .         Spirit   .     (helmet unavailable)
rElec  .         Reflect  .     S - +0 cloak
rCorr  .         Harm     .     L - +0 pair of gloves of Cudug {Dex+6}
MR     +....                    (no boots)
Stlth  ++........               q - amulet of faith
                                w - ring of wizardry
                                (no ring)

@: no status effects
A: permanent stasis, dig shafts and tunnels, four strong arms, antennae 3
a: Dig, Shaft Self, Recite, Vitalisation, Imprison, Sanctuary, Donate Gold, Cure
All Mutations, Renounce Religion


You were on level 11 of the Dungeon.
You worshipped Zin.
Zin was exalted by your worship.
You were hungry.

You visited 2 branches of the dungeon, and saw 12 of its levels.
You also visited: Ossuary.

You collected 956 gold pieces.
You spent 396 gold pieces at shops.
You donated 95 gold pieces to Zin.

Inventory:

Hand Weapons
 A - the +12 falchion of Action {freeze, rPois rN+ Str-3 SInv}
   (You found it on level 9 of the Dungeon)

   It has been specially enchanted to freeze those struck by it, causing extra
   injury to most foes and up to half again as much damage against particularly
   susceptible opponents.
   It can also slow down cold-blooded creatures.
   It affects your strength (-3).
   It protects you from poison.
   It protects you from negative energy.
   It lets you see invisible.
 V - a +2 falchion of flaming (weapon)
Armour
 b - a +0 troll leather armour (worn)
 n - a +0 large shield
 y - a +0 leather armour of poison resistance
 F - a +0 leather armour of cold resistance
 L - the +0 pair of gloves of Cudug (worn) {Dex+6}
   (You found it on level 4 of the Dungeon)

   It affects your dexterity (+6).
 Q - a +1 ring mail of fire resistance
 S - a +0 cloak (worn)
 U - a +2 large shield of cold resistance (worn)
Jewellery
 q - an amulet of faith (around neck)
 v - an uncursed ring of fire
 w - a ring of wizardry (right hand)
 R - a +3 ring of dexterity {unknown}
Wands
 h - a wand of flame (13/48)
 m - a wand of paralysis (8/24)
 o - a wand of lightning (6/15)
 p - a wand of digging (4/24)
 t - a wand of confusion (16/48)
 z - a wand of iceblast (14/15)
 G - a wand of slowing (11/48)
 W - a wand of enslavement (1/24)
Scrolls
 a - a scroll of torment {unknown}
 d - 4 scrolls of remove curse
 i - 3 scrolls of identify
 l - 3 scrolls of amnesia
 C - 2 scrolls of enchant weapon
 D - a scroll of recharging
 H - 2 scrolls of enchant armour
 K - 3 scrolls of magic mapping
 O - a scroll of fog
Potions
 e - 4 potions of heal wounds
 s - a potion of cancellation
 u - 4 potions of agility
 x - 2 potions of magic
 B - 2 potions of curing
 E - 4 potions of might
 I - a potion of ambrosia
 M - 2 potions of resistance
 N - 3 potions of flight
Books
 j - a book of Conjurations

   Spells                             Type                      Level
   a - Magic Dart                     Conjuration                  1
   b - Searing Ray                    Conjuration                  2
   c - Dazzling Spray                 Conjuration/Hexes            3
   d - Fulminant Prism                Conjuration/Hexes            4
   e - Iskenderun's Mystic Blast      Conjuration                  4
   f - Iskenderun's Battlesphere      Conjuration/Charms           5
 P - a book of Maledictions

   Spells                             Type                      Level
   a - Corona                         Hexes                        1
   b - Ensorcelled Hibernation        Hexes/Ice                    2
   c - Confuse                        Hexes                        3
   d - Tukima's Dance                 Hexes                        3
   e - Dazzling Spray                 Conjuration/Hexes            3
 T - a Young Poisoner's Handbook

   Spells                             Type                      Level
   a - Sting                          Conjuration/Poison           1
   b - Mephitic Cloud                 Conjuration/Poison/Air       3
   c - Olgreb's Toxic Radiance        Poison                       4
   d - Alistair's Intoxication        Transmutation/Poison         5
   e - Venom Bolt                     Conjuration/Poison           5
Comestibles
 c - 7 bread rations
 f - 21 fruits
 g - 10 meat rations
 r - 4 chunks of flesh
 J - 10 slices of pizza


   Skills:
 - Level 5.0 Fighting
 + Level 9.7 Long Blades
 - Level 3.4 Armour
 - Level 3.7 Dodging
 - Level 2.4 Stealth
 - Level 7.4 Shields
 - Level 2.1 Spellcasting
 - Level 9.3 Conjurations
 - Level 5.4 Invocations


You had 4 spell levels left.
You knew the following spells:

 Your Spells              Type           Power        Failure   Level  Hunger
a - Magic Dart            Conj           ####         1%          1    #......
b - Searing Ray           Conj           ####..       2%          2    ###....
c - Dazzling Spray        Conj/Hex       ###...       34%         3    ###....
d - Iskenderun's Mystic   Conj           ####....     14%         4    #####..


Dungeon Overview and Level Annotations

Branches:
Dungeon (11/15)            Temple (1/1) D:5            Lair (0/6) D:11
    Orc: D:9-12

Altars:
Ashenzari
Cheibriados
Dithmenos
Elyvilon
Fedhas
Gozag
Hepliaklqana
Kikubaaqudgha
Makhleb
Nemelex Xobeh
Okawaru
Qazlal
Ru
Sif Muna
Trog
Uskayaw
Vehumet
Xom
Yredelemnul
Zin
The Shining One

Shops:
D:5 ?   D:6 *   D:7 %   D:10 [


Innate Abilities, Weirdness & Mutations

You are under a permanent stasis effect.
You can dig through walls and to a lower floor.
Your four strong arms can wield two-handed weapons with a shield.
You have a pair of large antennae on your head. (SInv)


Message History

Evoke which item? (* to show all) (? for menu, Esc to quit)
Zapping:
m - a wand of paralysis (8/24)
Press: ? - help, Shift-Dir - straight line, f/p - eight-headed hydra
Aim: an eight-headed hydra (lightly wounded, chance to defeat MR: 15%)
Okay, then.
Are you sure you want to shaft yourself?
You are feeling hungry.
The eight-headed hydra bites you.
You block the eight-headed hydra's attack. x3
The eight-headed hydra bites you. The eight-headed hydra bites you! x2
* * * LOW HITPOINT WARNING * * *
The eight-headed hydra completely misses you.
You begin to dig a shaft.
You continue digging a shaft.
You block the eight-headed hydra's attack. x2
The eight-headed hydra barely misses you.
The eight-headed hydra bites you!
* * * LOW HITPOINT WARNING * * *
You block the eight-headed hydra's attack.
The eight-headed hydra bites you!
You die...

####.....##
#............. #.#####
#............. ##.##
##............
#..####### ##...........
##.##....## ##...(......
#........####..........
##.........#?..........
##..........[........##
##(...D@.......#####.###
#..............# ###
##..............# #
#..............(# #
##..............## #
###..............## # ##
###................#
####
.###.................##
##..##
......##............##
###.(..#


You could see an eight-headed hydra.

Vanquished Creatures
  A hydra (D:10)
  A troll (D:10)
  2 dream sheep (D:10)
  A hippogriff (D:8)
  Sigmund (D:2)
  A wraith (D:11)
  2 yaks (D:10)
  2 wyverns (D:11)
  Grum (D:11)
  A hungry ghost (D:7)
  Menkaure (Ossuary)
  A warg (D:10)
  2 sky beasts
  3 black bears
  2 ice beasts
  A phantom (D:10)
  2 orc warriors
  6 centaurs
  2 wolves (D:11)
  2 ogres
  An elf zombie (Ossuary)
  3 big kobolds (D:10)
  3 bullfrogs
  A wyvern zombie (D:8)
  7 scorpions
  A killer bee (D:10)
  3 wights (D:10)
  3 howler monkeys
  3 centaur zombies
  7 crimson imps
  A bullfrog zombie (D:6)
  2 bullfrog skeletons
  4 hounds
  2 jellies (D:2)
  8 orc wizards
  A centaur skeleton (D:9)
  7 orc priests
  A gnoll shaman (D:5)
  6 worker ants
  3 ogre zombies (Ossuary)
  2 hound skeletons
  6 mummies (Ossuary)
  3 gnolls (D:5)
  12 adders
  An ooze (D:5)
  An adder skeleton (D:5)
  4 adder zombies
  6 worms
  2 dart slugs (D:1)
  3 leopard geckos (D:2)
  34 orcs
  3 ball pythons
  5 giant cockroaches
  4 gnoll zombies
  8 goblins
  3 hobgoblins
  5 iguanas
  7 jackals
  5 kobolds
  5 quokkas
  4 bats
  2 frilled lizards
  4 goblin zombies (Ossuary)
  2 hobgoblin zombies (Ossuary)
  3 kobold zombies (Ossuary)
  An orc zombie (Ossuary)
  5 quokka zombies (Ossuary)
  8 rats
  4 rat zombies (Ossuary)
254 creatures vanquished.

Vanquished Creatures (others)
  A plant (D:10)
1 creature vanquished.

Grand Total: 255 creatures vanquished

Notes
Turn   | Place    | Note
-------+----------+-------------------------------------------
     0 | D:1      | Haldmier the Formicid Conjurer began the quest for the Orb.
     0 | D:1      | Reached XP level 1. HP: 13/13 MP: 3/3
   228 | D:1      | Reached XP level 2. HP: 1/19 MP: 1/5
   525 | D:1      | Learned a level 2 spell: Searing Ray
  1021 | D:1      | Reached XP level 3. HP: 24/24 MP: 2/6
  1290 | D:2      | Noticed a moth of wrath
  1293 | D:2      | Found a bloodstained altar of Trog.
  1481 | D:2      | Reached skill level 5 in Conjurations
  1481 | D:2      | Reached XP level 4. HP: 21/30 MP: 3/7
  1967 | D:2      | Found a basalt altar of Yredelemnul.
  2005 | D:2      | Noticed Sigmund
  2013 | D:2      | Killed Sigmund
  2013 | D:2      | Reached XP level 5. HP: 27/39 MP: 0/8
  2013 | D:2      | Reached XP level 6. HP: 32/45 MP: 0/9
  2224 | D:2      | Found a shimmering altar of Xom.
  3128 | D:3      | Found a blossoming altar of Fedhas.
  3961 | D:3      | Reached XP level 7. HP: 25/51 MP: 6/10
  4170 | D:4      | Learned a level 3 spell: Dazzling Spray
  4194 | D:4      | Found a sand-covered staircase.
  4199 | Ossuary  | Entered an ossuary
  5196 | Ossuary  | Noticed Menkaure
  5279 | Ossuary  | Killed Menkaure
  5279 | Ossuary  | Reached XP level 8. HP: 55/61 MP: 3/11
  5642 | D:4      | Found a glowing silver altar of Zin.
  5796 | D:4      | Became a worshipper of Zin the Law-Giver
  5796 | D:4      | Reached * piety under Zin
  5861 | D:4      | Got a pair of slimy gloves
  5885 | D:4      | Identified the +0 pair of gloves of Cudug {Dex+6} (You found it on level 4 of the Dungeon)
  5939 | D:4      | Found a shattered altar of Ashenzari.
  5991 | D:4      | Reached ** piety under Zin
  6000 | D:4      | Reached skill level 5 in Shields
  6145 | D:4      | Found an iron altar of Okawaru.
  6527 | D:4      | Reached skill level 5 in Fighting
  6527 | D:4      | Reached skill level 1 in Invocations
  6562 | D:4      | Found a shadowy altar of Dithmenos.
  6562 | D:4      | Found a white marble altar of Elyvilon.
  6694 | D:5      | Entered Level 5 of the Dungeon
  7067 | D:5      | Found an ancient bone altar of Kikubaaqudgha.
  7367 | D:5      | Reached *** piety under Zin
  7379 | D:5      | Found Gosin's Magic Scroll Emporium.
  7380 | D:5      | Found a staircase to the Ecumenical Temple.
  7412 | Temple   | Entered the Ecumenical Temple
  7531 | D:5      | Bought a scroll of identify for 26 gold pieces
  7531 | D:5      | Bought a scroll of identify for 26 gold pieces
  7724 | D:5      | Bought a scroll of remove curse for 39 gold pieces
  7724 | D:5      | Bought a scroll of identify for 26 gold pieces
  7875 | D:6      | Found an opulent altar of Gozag.
  7879 | D:6      | Found Gozag's Platinum Reserve.
  8580 | D:6      | Reached XP level 9. HP: 49/68 MP: 12/12
  8931 | D:7      | Reached **** piety under Zin
  9143 | D:7      | Reached skill level 1 in Armour
  9234 | D:7      | Found Qikuetz's Food Shop.
 10176 | D:8      | Reached XP level 10. HP: 45/74 MP: 13/13
 10219 | D:8      | Reached skill level 5 in Invocations
 10559 | D:8      | Found a snail-covered altar of Cheibriados.
 10566 | D:8      | Reached ***** piety under Zin
 10818 | D:9      | Got a warped falchion
 10971 | D:10     | Entered Level 10 of the Dungeon
 11465 | D:8      | Identified the +12 falchion of Action {freeze, rPois rN+ Str-3 SInv} (You found it on level 9 of the Dungeon)
 11486 | D:9      | Found an ancient bone altar of Kikubaaqudgha.
 11663 | D:9      | Found a stormy altar of Qazlal.
 11667 | D:9      | Found a blossoming altar of Fedhas.
 12039 | D:10     | Found Viq Umog's Armour Emporium.
 12057 | D:10     | Bought a +2 large shield of cold resistance for 279 gold pieces
 12306 | D:10     | Reached skill level 5 in Long Blades
 12412 | D:10     | Noticed a two-headed hydra
 12475 | D:10     | Reached XP level 11. HP: 57/79 MP: 15/15
 12570 | D:10     | Killed a three-headed hydra
 12890 | D:10     | Reached ****** piety under Zin
 13125 | D:10     | Learned a level 4 spell: Iskenderun's Mystic Blast
 13234 | D:11     | Noticed Grum
 13251 | D:11     | Killed Grum
 13740 | D:11     | Found a staircase to the Lair.
 13989 | D:11     | Noticed an eight-headed hydra
 14138 | D:11     | HP: 2/79 [eight-headed hydra (11)]
 14138 | D:11     | Slain by an eight-headed hydra

Skill      XL: |  1  2  3  4  5  6  7  8  9 10 11 |
---------------+----------------------------------+-----
Conjurations   | 4 5 6 7 8 9 |  9.3
Fighting       | 2 4 5 |  5.0
Shields        | 2 3 4 5 7 |  7.4
Invocations    | 2 4 5 |  5.4
Dodging        | 3 |  3.7
Armour         | 2 3 |  3.4
Long Blades    | 6 9 |  9.7
Stealth        | |  2.4
Spellcasting   | |  2.1

Action                   |  1- 3 |  4- 6 |  7- 9 | 10-12 || total
-------------------------+-------+-------+-------+-------++-------
Melee: Dagger            |    25 |    25 |    13 |       ||    63
       Quarterstaff      |       |       |   492 |    92 ||   584
       Whip              |       |       |    11 |       ||    11
       Falchion          |       |       |       |   251 ||   251
 Fire: Arbalest          |       |       |     2 |       ||     2
Throw: Throwing net      |       |       |       |     1 ||     1
 Cast: Magic Dart        |    35 |    40 |    25 |    33 ||   133
       Searing Ray       |     5 |    13 |    26 |    19 ||    63
       Dazzling Spray    |       |       |       |     2 ||     2
       Iskenderun's Myst |       |       |       |     1 ||     1
Invok: Recite            |       |       |     5 |     2 ||     7
       Vitalisation      |       |       |       |     1 ||     1
       Imprison          |       |       |       |     1 ||     1
 Abil: Shaft Self        |       |       |       |     1 ||     1
Evoke: Wand              |       |       |       |     1 ||     1
  Use: Scroll            |     1 |       |    21 |     6 ||    28
 Stab: Sleeping          |       |       |    13 |       ||    13
       Confused          |       |       |     1 |       ||     1
       Distracted        |       |       |       |     1 ||     1
       Invisible         |       |       |       |     2 ||     2
  Eat: Chunk             |     3 |     8 |    13 |    14 ||    38
       Beef jerky        |       |       |     2 |       ||     2
       Royal jelly       |       |       |     1 |       ||     1
       Meat ration       |       |       |     1 |       ||     1
       Fruit             |       |       |       |     4 ||     4
Armor: Robe              |     8 |     4 |    57 |       ||    69
       Ring mail         |       |       |   113 |    69 ||   182
       Troll leather arm |       |       |       |    28 ||    28
Dodge: Dodged            |    18 |    20 |   133 |   105 ||   276
Block: Large shield      |       |       |   392 |   378 ||   770
       Rpst.: Falchion   |       |       |       |    16 ||    16
